 Seeded DCSS version 0.29-a0-231-g945431f764 (webtiles) character file.

Game seed: 16725172979886312651 (custom seed)

5234 mcwallace the Skirmisher (level 10, -21/79 HPs)
             Began as a Formicid Fire Elementalist on Mar 1, 2022.
             Was an Initiate of Gozag.
             Demolished by a freezing wraith (22 damage)
             ... led by a death knight
             ... on level 8 of the Dungeon.
             The game lasted 00:33:13 (14818 turns).

mcwallace the Skirmisher (FoFE)                    Turns: 14818, Time: 00:33:13

Health: -21/79     AC:  9    Str: 14    XL:     10   Next: 92%
Magic:  11/18      EV: 12    Int: 18    God:    Gozag
Gold:   1018       SH:  0    Dex: 11    Spells: 16/19 levels left

rFire   + . .      SeeInvis +   A - +2 dagger (elec) {short}
rCold   . . .      Faith    .   (no shield)
rNeg    . . .      Spirit   .   s - +0 swamp dragon scales
rPois   +          Reflect  .   (helmet unavailable)
rElec   .          Harm     .   (no cloak)
rCorr   .          Rampage  .   (no gloves)
Will    +....                   (no boots)
Stlth   +++.......              z - amulet of magic regeneration {@e2}
HPRegen 0.23/turn               u - ring of protection from fire
MPRegen 0.56/turn               T - ring of flight

@: flying
A: permanent stasis, dig shafts and tunnels, antennae 3, four strong arms
a: Dig, Shaft Self, Renounce Religion, Potion Petition, Call Merchant, Bribe
Branch


You were on level 8 of the Dungeon.
You worshipped Gozag.
Gozag was most pleased with you.
You visited 1 branch of the dungeon, and saw 8 of its levels.

You collected 1122 gold pieces.
You paid 104 gold pieces to Gozag.


Innate Abilities, Weirdness & Mutations

You cannot be hasted, slowed, berserked, paralysed or teleported.
You can dig through walls and to a lower floor.
You have a pair of large antennae on your head. (SInv)
Your four strong arms can wield two-handed weapons with a shield.


   Skills:
 + Level 7.4 Fighting
 + Level 7.1 Armour
 + Level 6.4 Dodging
 - Level 7.0 Stealth
 - Level 5.4 Spellcasting
 + Level 4.5 Conjurations
 - Level 5.7 Fire Magic


You had 16 spell levels left.
You knew the following spells:

 Your Spells              Type           Power      Damage    Failure   Level
a - Foxfire               Conj/Fire      92%        2x1d8     2%          1
b - Scorch                Fire           50%        2d7       3%          2

Your spell library contained the following spells:

 Spells                   Type           Power      Damage    Failure   Level
 Magic Dart               Conj           84%        1d7       3%          1
 Searing Ray              Conj           42%        2d6       5%          2
 Conjure Flame            Conj/Fire      23%        6-21      9%          3
 Inner Flame              Hex/Fire       15%        N/A       22%         3
 Animate Skeleton         Necr           8%         N/A       24%         1
 Apportation              Tloc           8%         N/A       24%         1
 Sandblast                Erth           8%         2d5       24%         1
 Slow                     Hex            16%        N/A       24%         1
 Sting                    Tmut/Pois      16%        1d3       24%         1
 Summon Small Mammal      Summ           16%        N/A       24%         1
 Flame Wave               Conj/Fire      23%        2d7       28%         4
 Corpse Rot               Necr/Air       8%         N/A       34%         2
 Poisonous Vapours        Pois/Air       8%         N/A       34%         2
 Confusing Touch          Hex            4%         N/A       56%         3
 Vampiric Draining        Necr           4%         2d6       56%         3
 Fulminant Prism          Conj/Hex       6%         3d7       67%         4

Inventory:

Hand Weapons
 c - a +0 dagger {short}
   (You took it off a goblin on level 1 of the Dungeon)
 o - a +2 dagger of speed {short}
   (You took it off a goblin on level 2 of the Dungeon)
 w - a +4 long sword {long}
   (You took it off a wight on level 5 of the Dungeon)
 A - a +2 dagger of electrocution (weapon) {short}
   (You took it off an orc on level 3 of the Dungeon)
 G - a +4 dagger of freezing {short}
   (You took it off a wight on level 7 of the Dungeon)
 I - a +2 whip of venom {mace}
   (You took it off a gnoll on level 3 of the Dungeon)
Missiles
 e - 264 stones {throwing}
 h - 12 poisoned darts {throwing}
 m - 6 curare-tipped darts {=fthrowing}
 Q - 5 boomerangs {throwing}
Armour
 f - a +0 ring mail
   (You found it on level 1 of the Dungeon)
 s - +0 swamp dragon scales (worn)
   (You took it off Maggie on level 8 of the Dungeon)
 B - a +0 ring mail
   (You found it on level 7 of the Dungeon)
 D - a +0 scale mail
   (You found it on level 6 of the Dungeon)
 L - a +0 ring mail
   (You took it off an orc on level 7 of the Dungeon)
 N - a +0 ring mail
   (You took it off an orc on level 7 of the Dungeon)
 P - a +0 ring mail
   (You took it off an orc on level 3 of the Dungeon)
 U - a +0 ring mail
   (You found it on level 4 of the Dungeon)
Magical Staves
 p - a staff of earth {!astaff}
   (You found it on level 2 of the Dungeon)
 V - a staff of cold {!astaff}
   (You found it on level 4 of the Dungeon)
Jewellery
 b - an amulet of regeneration {@e2}
   (You found it on level 1 of the Dungeon)
 t - a ring of see invisible
   (You found it on level 2 of the Dungeon)
 u - a ring of protection from fire (left hand)
   (You took it off a gnoll on level 2 of the Dungeon)
 z - an amulet of magic regeneration (around neck) {@e2}
   (You found it on level 7 of the Dungeon)
 T - a ring of flight (right hand)
   (You found it on level 4 of the Dungeon)
Wands
 a - a wand of charming (14)
   (You found it on level 6 of the Dungeon)
 g - a wand of mindburst (18)
   (You found it on level 7 of the Dungeon)
 H - a wand of digging (9)
   (You found it on level 3 of the Dungeon)
 J - a wand of polymorph (14)
   (You found it on level 7 of the Dungeon)
 W - a wand of iceblast (16)
   (You found it on level 4 of the Dungeon)
Scrolls
 d - a scroll of summoning {unknown}
 k - 3 scrolls of teleportation {@r4}
 l - 2 scrolls of enchant armour
 q - a scroll of silence {unknown}
 r - a scroll of blinking {unknown}
 y - a scroll of immolation {unknown}
 E - 2 scrolls of fear
 F - a scroll of magic mapping {unknown}
 M - 2 scrolls of noise {unknown}
 O - 2 scrolls of vulnerability {unknown}
 R - a scroll of fog {unknown}
 Z - a scroll of amnesia {unknown}
Potions
 i - a potion of brilliance
 j - a potion of ambrosia {unknown}
 n - 2 potions of curing {@q1}
 v - a potion of mutation {unknown}
 C - 2 potions of degeneration {!q@e2}
 K - 3 potions of lignification {!q}
 S - 3 potions of might
 X - a potion of attraction {unknown}

Dungeon Overview and Level Annotations

Branches:
Dungeon (8/15)             Temple (0/1) D:6
   Lair: D:8-11

Altars:
Ashenzari
Gozag
Okawaru
Ru
Sif Muna
Trog
Vehumet
The Shining One

Annotations:
D:4 2 transporters, anonymouscript's ghost, amateur HuFi

##.......###...................
###..#.....###.................
..#.##.###....#....$..##.........
#........#......$......#.........
########........$......#.........
#........<....$...........
............[...#..........
..............$######....... {
...........@...## #.......
...........W....# #.......
............$...#####.......
.........................#..
...................#####.####
..................## ###### ###
#.....##..........## #$..
..##...................########..
...............##.........##..#{.


You could see a freezing wraith (combustible).


Message History

Anything else - Cancel.
You shout for attention!
What are your orders? t - Shout!
Orders for allies: a - Attack new target. r - Retreat! s - Stop attacking. g - Guard the area. f - Follow me.
Anything else - Cancel.
Gang up on whom?
Press: ? - help, Dir - move target, f - you
Okay, then.
You conjure some foxfire!
You conjure some foxfire! 😎 MP[-1]
You lost 1 mp, and now have 13/18 mp.
You conjure some foxfire! 😎 MP[+5]
Your mp is fully restored (18).
You conjure some foxfire!
You conjure some foxfire!
The foxfire hits the freezing wraith but does no damage. x2 😎 MP[-1]
You lost 1 mp, and now have 17/18 mp.
You conjure some foxfire!
The foxfire hits the freezing wraith.
The freezing wraith is burned terribly!
The foxfire hits the freezing wraith but does no damage.
Casting: Foxfire (safe; 2% risk of failure)
Confirm with . or Enter, or press ? or * to list all spells.
Flames lash the freezing wraith but do no damage.
The foxfire hits the freezing wraith.
The freezing wraith is burned terribly!
The foxfire hits the freezing wraith. 😎 MP[-2]
You lost 2 mp, and now have 15/18 mp.
Casting: Scorch (safe; 3% risk of failure)
Confirm with . or Enter, or press ? or * to list all spells.
Flames lash the freezing wraith.
The freezing wraith is burned terribly!
The freezing wraith's fire resistance burns away.
The freezing wraith hits you. The freezing wraith freezes you!
The freezing wraith hits you! 😮 HP[-20] MP[-1]
You take 20 damage, and now have 59/79 hp.
MASSIVE DAMAGE!! (PAUSE)
You lost 1 mp, and now have 14/18 mp.
Casting: Scorch (safe; 3% risk of failure)
Confirm with . or Enter, or press ? or * to list all spells.
Flames lash the freezing wraith.
The freezing wraith is burned terribly!
The freezing wraith hits you. The freezing wraith freezes you!
The freezing wraith hits you.
* * * LOW HITPOINT WARNING * * *
😨 HP[-20] MP[-2]
You take 20 damage, and now have 39/79 hp.
MASSIVE DAMAGE!! (PAUSE)
You lost 2 mp, and now have 12/18 mp.
Casting: Scorch (safe; 3% risk of failure)
Confirm with . or Enter, or press ? or * to list all spells.
Flames lash the freezing wraith.
The freezing wraith hits you.
* * * LOW HITPOINT WARNING * * *
The freezing wraith freezes you!!
* * * LOW HITPOINT WARNING * * *
The freezing wraith completely misses you. 😱 HP[-21] MP[-1]
You take 21 damage, and now have 18/79 hp.
MASSIVE DAMAGE!! (PAUSE)
You lost 1 mp, and now have 11/18 mp.
Aiming: Iceblast
Press: ? - help, Q - select action, (/) - cycle Shift-Dir - straight line The mass of ice explodes!
The iceblast engulfs the freezing wraith.
The freezing wraith partially resists.
The freezing wraith closely misses you. The freezing wraith hits you.
* * * LOW HITPOINT WARNING * * *
The freezing wraith drains your vigour!
Your stasis prevents you from being slowed. 😱 HP[-1] MP[+1]
You take 1 damage, and now have 17/79 hp.
Aiming: Iceblast
Press: ? - help, Q - select action, (/) - cycle Shift-Dir - straight line
Okay, then.
Casting: Scorch (safe; 3% risk of failure)
Confirm with . or Enter, or press ? or * to list all spells.
Flames lash the freezing wraith but do no damage.
The freezing wraith hits you.
* * * LOW HITPOINT WARNING * * *
The freezing wraith freezes you!
* * * LOW HITPOINT WARNING * * *
The freezing wraith hits you but does no damage. 😱 HP[-11] MP[-2]
You take 11 damage, and now have 6/79 hp.
You lost 2 mp, and now have 10/18 mp.
You can't see any enemies this would affect, really read the scroll of fear?
Okay, then.
Aiming: Charm
Press: ? - help, Q - select action, (/) - cycle Shift-Dir - straight line, f - freezing wraith
Aim: a freezing wraith (heavily damaged, more vulnerable to fire, chance to affect: 31%)
The freezing wraith easily resists.
The freezing wraith hits you.
* * * LOW HITPOINT WARNING * * *
The freezing wraith freezes you!!
You die...
Your body crumbles into a pile of gold.

Skill      XL: |  1  2  3  4  5  6  7  8  9 10 |
---------------+-------------------------------+-----
Conjurations   | 1 2 4 |  4.5
Dodging        | 2 3 4 5 6 |  6.4
Fighting       | 1 2 3 4 5 7 |  7.4
Stealth        | 3 4 5 7 |  7.0
Spellcasting   | 3 4 5 |  5.4
Armour         | 1 2 3 5 7 |  7.1
Fire Magic     | 4 5 |  5.7

Action                   |  1- 3 |  4- 6 |  7- 9 | 10-12 || total
-------------------------+-------+-------+-------+-------++-------
Melee: Dagger            |    20 |    50 |    18 |    15 ||   103
       Punch             |       |     1 |     1 |       ||     2
Throw: Dart              |       |       |       |     3 ||     3
 Cast: Foxfire           |    74 |   173 |   311 |   148 ||   706
       Scorch            |       |     9 |    54 |    81 ||   144
Evoke: Wand              |       |       |       |     2 ||     2
  Use: Scroll            |       |       |     4 |     5 ||     9
       Potion            |       |       |       |     1 ||     1
 Stab: Sleeping          |     1 |     1 |     1 |       ||     3
Armor: Robe              |    10 |    10 |     2 |       ||    22
       Leather armour    |       |       |    11 |       ||    11
       Ring mail         |       |       |     4 |       ||     4
       Swamp dragon scal |       |       |       |     7 ||     7
Dodge: Dodged            |    36 |    55 |    72 |    60 ||   223

Levels and vault maps discovered:
D:1:      lightli_arrival_maybe_door_vault, layout_basic,
          hellmonk_ecumenical_altar_slurped_away, minmay_cupped
D:2:      layout_rooms, serial_forest, infiniplex_forest_clump_diagonal,
          infiniplex_forest_clump_curved, infiniplex_forest_straight_1,
          infiniplex_forest_clump_large, infiniplex_forest_clump_cross,
          infiniplex_forest_pool, infiniplex_forest_lined_room_2,
          minmay_misc_feat_room
D:3:      lemuel_castle_with_subvaults [lemuel_castle_interior_carwin_1],
          layout_loops_ring, nicolae_vehumet_radiance, okawaru_gym_becter
D:4:      layout_basic, gammafunk_ghost_stat_death, kennysheep_generic_room_2
D:5:      layout_layer_cave, nicolae_gozag_cash_rules_everything_around_me,
          hangedman_ru_absence, nzn_overflow_gifts_of_might_and_magic,
          patterned_corridor
D:6:      layout_cave_pools, minmay_temple_entry_wispy, grunt_potential,
          uniq_menkaure
D:7:      layout_basic, gammafunk_temple_overflow_wave
D:8:      layout_cave_pools, mainiacjoe_overflow_cross_hatched, uniq_erica,
          uniq_maggie

Notes
Turn   | Place    | Note
-------+----------+-------------------------------------------
     0 | D:1      | mcwallace the Formicid Fire Elementalist began the quest
                  | for the Orb.
     0 | D:1      | Reached XP level 1. HP: 13/13 MP: 3/3
     0 | D:1      | magus.rc [v1.9.6]
   127 | D:1      | Reached skill level 1 in Conjurations
   241 | D:1      | HP: 3/13 [ball python (1)]
   242 | D:1      | HP: 1/13 [bat (1)]
   243 | D:1      | Reached XP level 2. HP: 2/19 MP: 1/5
   584 | D:1      | Reached skill level 2 in Dodging
   781 | D:1      | Reached XP level 3. HP: 25/25 MP: 3/6
   784 | D:1      | Learned a level 2 spell: Scorch
   949 | D:1      | Found a faded altar of an unknown god.
  1026 | D:1      | Reached skill level 1 in Fighting
  1138 | D:1      | Reached skill level 3 in Stealth
  2014 | D:2      | Reached XP level 4. HP: 32/32 MP: 2/7
  2666 | D:2      | Reached XP level 5. HP: 37/37 MP: 4/9
  2908 | D:2      | You pick up a book of Cantrips and begin reading...
  2908 | D:2      | You add the spells Animate Skeleton, Summon Small Mammal
                  | and Apportation to your library.
  2984 | D:2      | You pick up a book of Vapours and begin reading...
  2984 | D:2      | You add the spells Poisonous Vapours and Corpse Rot to your
                  | library.
  3620 | D:3      | Found a radiant altar of Vehumet.
  3874 | D:3      | Reached skill level 3 in Spellcasting
  4016 | D:3      | Reached skill level 2 in Fighting
  4282 | D:3      | Reached skill level 1 in Armour
  4284 | D:3      | Reached XP level 6. HP: 44/44 MP: 3/10
  4571 | D:3      | Reached skill level 4 in Stealth
  4765 | D:3      | Found an iron altar of Okawaru.
  5079 | D:3      | Reached skill level 4 in Fire Magic
  5079 | D:3      | Reached XP level 7. HP: 51/51 MP: 0/12
  5194 | D:3      | Reached skill level 2 in Armour
  5194 | D:3      | Reached skill level 3 in Dodging
  5478 | D:3      | Reached skill level 3 in Fighting
  6304 | D:4      | Reached skill level 4 in Spellcasting
  6304 | D:4      | Reached XP level 8. HP: 32/58 MP: 0/14
  6415 | D:4      | Reached skill level 5 in Stealth
  6598 | D:4      | Found a transporter.
  6602 | D:4      | Noticed anonymouscript's ghost (amateur HuFi)
  6988 | D:4      | Found a transporter.
  7150 | D:4      | You pick up a book of Debilitation and begin reading...
  7150 | D:4      | You add the spells Slow, Vampiric Draining and Confusing
                  | Touch to your library.
  7512 | D:5      | Entered Level 5 of the Dungeon
  7528 | D:5      | Found an opulent altar of Gozag.
  7543 | D:5      | Became a worshipper of Gozag Ym Sagoz the Greedy
  7557 | D:5      | Reached skill level 3 in Armour
  7826 | D:5      | Found a bloodstained altar of Trog.
  7839 | D:5      | Found a shimmering blue altar of Sif Muna.
  7957 | D:5      | Reached skill level 4 in Fighting
  8300 | D:5      | Reached skill level 5 in Fire Magic
  8352 | D:5      | Found a sacrificial altar of Ru.
  8739 | D:5      | Reached skill level 4 in Dodging
  8983 | D:5      | Reached XP level 9. HP: 66/66 MP: 10/16
  8989 | D:5      | Reached skill level 6 in Stealth
  9402 | D:5      | You add the spells Sandblast and Sting to your library.
  9402 | D:5      | Got Sif Muna's Grimoire of Earthen Poison
  9721 | D:6      | Reached skill level 4 in Armour
 10334 | D:6      | Reached skill level 5 in Spellcasting
 10334 | D:6      | Found a staircase to the Ecumenical Temple.
 10483 | D:6      | Noticed Menkaure
 10486 | D:6      | Killed Menkaure
 10487 | D:6      | Reached skill level 5 in Fighting
 10491 | D:6      | You pick up a book of Cantrips and begin reading...
 11175 | D:5      | Reached skill level 5 in Armour
 11175 | D:5      | Reached skill level 7 in Stealth
 11220 | D:5      | Reached skill level 2 in Conjurations
 11297 | D:6      | Reached skill level 5 in Dodging
 11599 | D:6      | Reached XP level 10. HP: 76/76 MP: 7/18
 11928 | D:6      | You pick up a book of Cantrips and begin reading...
 12051 | D:6      | Reached skill level 6 in Fighting
 12275 | D:7      | Reached skill level 3 in Conjurations
 12349 | D:7      | HP: 19/76 [yak (14)]
 12439 | D:7      | Noticed a cyclops
 12504 | D:7      | Killed a cyclops
 12505 | D:7      | Reached skill level 6 in Armour
 12989 | D:7      | Reached skill level 6 in Dodging
 13025 | D:7      | Reached skill level 4 in Conjurations
 13088 | D:7      | Reached skill level 7 in Fighting
 13216 | D:7      | Found a glowing golden altar of the Shining One.
 13216 | D:7      | Found a broken altar of Ashenzari.
 13930 | D:8      | You pick up a book of Conjurations {@e2} and begin
                  | reading...
 13930 | D:8      | You add the spells Magic Dart, Searing Ray and Fulminant
                  | Prism to your library.
 13994 | D:8      | Noticed Maggie
 14007 | D:8      | Killed Maggie
 14433 | D:8      | Noticed a freezing wraith
 14434 | D:8      | Noticed a death knight
 14550 | D:7      | Reached skill level 7 in Armour
 14815 | D:8      | HP: 18/79 [freezing wraith[a death knight] (20)]
 14817 | D:8      | HP: 6/79 [freezing wraith[a death knight] (9)]
 14818 | D:8      | HP: 1/79 [freezing wraith[a death knight] (5)]
 14818 | D:8      | Demolished by a freezing wraith

Vanquished Creatures
  A cyclops (D:7)
  Maggie (D:8)
  A yak (D:7)
  A steam dragon (D:7)
  Menkaure (D:6)
  3 orc warriors
  2 sky beasts (D:6)
  5 centaurs
  6 ogres
  A bullfrog (D:8)
  A kobold brigand (D:6)
  A necrophage (D:7)
  5 scorpions
  17 wights
  5 killer bees (D:6)
  3 howler monkeys (D:3)
  6 hounds
  3 orc priests
  3 jellies
  A gnoll shaman (D:3)
  4 iguanas
  7 orc wizards
  14 gnolls
  6 adders
  A shadow imp (D:6)
  An ufetubus (D:6)
  3 worms (D:2)
  4 dart slugs
  46 orcs
  7 bats
  6 endoplasms
  2 giant cockroaches
  10 goblins
  3 hobgoblins
  14 jackals
  11 kobolds
  3 quokkas
  8 ball pythons
  5 frilled lizards
  6 rats
228 creatures vanquished.

Vanquished Creatures (collateral kills)
  8 foxfires
8 creatures vanquished.

Vanquished Creatures (others)
  1231 foxfires
  15 plants
1246 creatures vanquished.

Grand Total: 1482 creatures vanquished

Table legend:
 A = Non-vault XP
 B = Vault XP
 C = Vault XP percentage of total XP
 D = Non-vault monster count
 E = Vault monster count
 F = Vault count percentage of total count
                 A         B        C        D         E       F
            +---------+---------+-------+---------+---------+-------
      Total |    4908 |    2570 |  34.4 |     149 |      79 |  34.6
            +---------+---------+-------+---------+---------+-------
        D:1 |      62 |       6 |   8.8 |      21 |       3 |  12.5
        D:2 |      99 |       0 |   0.0 |      26 |       0 |   0.0
        D:3 |     126 |     611 |  82.9 |      17 |      55 |  76.4
        D:4 |     193 |       3 |   1.5 |      12 |       2 |  14.3
        D:5 |     755 |     609 |  44.6 |      18 |       7 |  28.0
        D:6 |     864 |     926 |  51.7 |      18 |      11 |  37.9
        D:7 |    2345 |       0 |   0.0 |      27 |       0 |   0.0
        D:8 |     464 |     415 |  47.2 |      10 |       1 |   9.1
            +---------+---------+-------+---------+---------+-------

Illustrated notes

Table legend:
 A = Kills in this place as a percentage of kills in entire the game.
 B = Kills by you in this place as a percentage of kills by you in the entire game.
 C = Kills by friends in this place as a percentage of kills by friends in the entire game.
 D = Other kills in this place as a percentage of other kills in the entire game.
 E = Experience gained in this place as a percentage of experience gained in the entire game.
 F = Experience gained in this place divided by the number of levels of this place that you have seen.
                   A       B       C       D       E      F
               +-------+-------+-------+-------+-------+----------------------
         Total | 100.0 | 100.0 |   N/A |   N/A | 100.0 | 934.8
       Dungeon | 100.0 | 100.0 |   N/A |   N/A | 100.0 | 934.8
               +-------+-------+-------+-------+-------+----------------------

Table legend: (Time is in decaauts)
 A = Elapsed time spent in this place.
 B = Non-inter-level travel time spent in this place.
 C = Inter-level travel time spent in this place.
 D = Time resting spent in this place.
 E = Time spent auto-exploring this place.
 F = Levels seen in this place.
 G = Mean time per level.
                   A        B        C        D        E       F      G
               +--------+--------+--------+--------+--------+-----+--------+
         Total |  14835 |  14300 |    535 |   2362 |   9338 |   8 | 1854.4 |
       Dungeon |  14835 |  14300 |    535 |   2362 |   9338 |   8 | 1854.4 |
               +--------+--------+--------+--------+--------+-----+--------+

Top non-repeatable levels by time:
     D:5: 3088 daAuts
     D:3: 2857 daAuts
     D:7: 2113 daAuts
     D:1: 2086 daAuts
     D:6: 1660 daAuts
     D:2: 1403 daAuts
     D:4: 1245 daAuts
     D:8: 379 daAuts
